 Dungeon Crawl Stone Soup version 0.17.0-56-gd8de76c (webtiles) character file.

336 gorblad the Shield-Bearer (level 6, 0/48 HPs)
             Began as a Demonspawn Fighter on Dec 6, 2015.
             Slain by Niddhoggr's ghost (1 damage)
             ... on level 4 of the Dungeon.
             The game lasted 00:08:55 (3069 turns).

gorblad the Shield-Bearer (Demonspawn Fighter)      Turns: 3069, Time: 00:08:55

Health: 0/48       AC: 13    Str: 23    XL:     6   Next: 28%
Magic:  6/6        EV:  4    Int: 10    God:
Gold:   200        SH: 12    Dex: 12    Spells: 0 memorised, 5 levels left

rFire  . . .     SeeInvis .     a - +0 long sword
rCold  . . .     Clarity  .     j - +0 plate armour
rNeg   + . .     SustAt   .     c - +0 shield
rPois  .         Gourm    .     (no helmet)
rElec  .         Spirit   .     (no cloak)
rCorr  .         Warding  .     (no gloves)
rMut   .         Stasis   .     (no boots)
MR     .....                    (no amulet)
Stlth  ..........               (no ring)
                                f - ring of positive energy

@: mighty, not resistant to hostile enchantments, extremely unstealthy
A: talons 2, large bone plates 1
a: no special abilities


You were on level 4 of the Dungeon.
You were not hungry.

You visited 1 branch of the dungeon, and saw 4 of its levels.

You collected 200 gold pieces.

Inventory:

Hand Weapons
 a - a +0 long sword (weapon)
Armour
 c - a +0 shield (worn)
 j - a +0 plate armour (worn)
Jewellery
 b - an uncursed amulet of the gourmand {unknown}
 f - a ring of positive energy (left hand)
Scrolls
 h - a scroll of fog
 k - a scroll of teleportation
 q - a scroll of identify
Potions
 i - a potion of cure mutation
 n - a potion of brilliance
 p - a potion of flight {unknown}
 r - a potion of haste {unknown}
Miscellaneous
 m - a plain deck of summoning
Comestibles
 e - 2 bread rations
 o - 2 chunks of flesh


   Skills:
 + Level 4.0 Fighting
 + Level 3.1 Long Blades
 + Level 3.8 Armour
 + Level 1.0 Dodging
 + Level 0.2 Stealth
 + Level 4.3 Shields


You had 5 spell levels left.
You didn't know any spells.

Dungeon Overview and Level Annotations

Branches:
Dungeon (4/15)
 Temple: D:4-7

Altars:
Ashenzari
Nemelex Xobeh

Annotations:
D:4 Niddhoggr's ghost, amateur MiBe


Innate Abilities, Weirdness & Mutations

You have razor-sharp toenails.
You are partially covered in large bone plates (AC +2, SH +2).


Message History

You feel better.
Niddhoggr's ghost hits you but does no damage.
Drink which item? (? for menu, Esc to quit)
You feel very mighty all of a sudden. You block Niddhoggr's ghost's attack.
You barely miss Niddhoggr's ghost. You claw Niddhoggr's ghost.
Niddhoggr's ghost is heavily damaged.
Niddhoggr's ghost hits you but does no damage.
You hit Niddhoggr's ghost.
You claw Niddhoggr's ghost, but do no damage.
Niddhoggr's ghost is severely damaged.
Niddhoggr's ghost hits you but does no damage.
Niddhoggr's ghost screams in joy, "As in life, so in death: Kill!
Kill!!
Kill!!!"
Niddhoggr's ghost hits you.
* * * LOW HITPOINT WARNING * * *
x2 You slash Niddhoggr's ghost!
Niddhoggr's ghost is severely damaged.
Niddhoggr's ghost hits you!
* * * LOW HITPOINT WARNING * * *
You die...

##...######
..._......##
#...##.#..## ##.#
#.#...# #.###.#...##
#.....#..#.###
###.#######....###
##....##....##....#
##......#.@#######.#
#......##.W## ###
#...#........# ...
#..##....#...# ...
#..# ##...#...# ...
..# #...##..# #.. .#
##..###..# ##..
#..###..## ##...
##..# #..## ####....


You could see Niddhoggr's ghost.

Vanquished Creatures
  An orc wizard (D:3)
  A hound (D:4)
  An orc priest (D:3)
  A hound skeleton (D:4)
  7 gnolls
  5 adders
  4 worms (D:2)
  15 orcs (D:3)
  2 ball pythons
  6 giant cockroaches
  7 goblins
  7 hobgoblins
  8 jackals
  A quokka (D:3)
  6 bats
  2 giant geckos
  7 giant newts
  10 kobolds
  8 rats
99 creatures vanquished.

Notes
Turn   | Place    | Note
--------------------------------------------------------------
     0 | D:1      | gorblad the Demonspawn Fighter began the quest for the Orb.
     0 | D:1      | Reached XP level 1. HP: 18/18 MP: 1/1
   437 | D:1      | Gained mutation: You are partially covered in large bone plates (AC +2, SH +2). [demonic ancestry]
   437 | D:1      | Reached XP level 2. HP: 24/24 MP: 2/2
   509 | D:1      | Found a sparkling altar of Nemelex Xobeh.
  1007 | D:2      | Reached XP level 3. HP: 29/29 MP: 3/3
  1237 | D:2      | Reached XP level 4. HP: 22/35 MP: 4/4
  1951 | D:3      | Reached skill level 1 in Dodging
  1958 | D:3      | Gained mutation: You have sharp toenails. [demonic ancestry]
  1958 | D:3      | Reached XP level 5. HP: 19/42 MP: 5/5
  2182 | D:3      | Reached skill level 4 in Shields
  2633 | D:3      | Gained mutation: You have razor-sharp toenails. [demonic ancestry]
  2633 | D:3      | Reached XP level 6. HP: 32/48 MP: 6/6
  3014 | D:4      | Found a shattered altar of Ashenzari.
  3043 | D:4      | Noticed Niddhoggr's ghost (amateur MiBe)
  3069 | D:4      | HP: 1/48 [Niddhoggr's ghost (11)]
  3069 | D:4      | Slain by Niddhoggr's ghost

Action                   |  1- 3 |  4- 6 || total
-------------------------+-------+-------++-------
Melee: Long sword        |   172 |   289 ||   461
  Use: Scroll            |     5 |     6 ||    11
       Potion            |       |     4 ||     4
  Eat: Chunk             |     1 |     7 ||     8
